 Dungeon Crawl Stone Soup version 0.21-a0-84-g85d6d27 (webtiles) character file.

833897 Lianjan the Sniper (level 27, -18/253 (254) HPs)
             Began as a Hill Orc Fighter on July 5, 2017.
             Was the Champion of Zin.
             Killed from afar by a Brimstone Fiend (27 damage)
             ... with damnation
             ... created by the effects of Hell
             ... on level 7 of Gehenna on July 6, 2017.
             The game lasted 08:15:31 (107212 turns).

Lianjan the Sniper (Hill Orc Fighter)             Turns: 107212, Time: 08:15:31

HP:   -18/253 (254) AC: 46    Str: 24    XL:     27
MP:   0/42          EV: 17    Int: 11    God:    Zin [******]
Gold: 2994          SH: 12    Dex: 20    Spells: 26/26 levels left

rFire    + + +     SeeInvis .   a - +9 broad axe of the Heavens {chop, MR+ MP+9}
rCold    + . .     Gourm    .   x - +3 warlock's mirror {reflect}
rNeg     + + +     Faith    .   W - +9 gold dragon scales
rPois    +         Spirit   +   c - +2 helmet of the Elven Halls {+Blink rElec Int+2}
rElec    +         Reflect  +   v - +2 cloak of Nuyshrue {rElec}
rCorr    +         Harm     .   A - +0 pair of gloves of Brilliance {rC+}
MR       +++..                  K - +2 pair of boots {run}
Stlth    ..........             d - amulet of Recklessness {Spirit *Contam +Blink Dex+4}
HPRegen  0.52/turn              E - ring of Trog's Pride {Fire +Inv rN+++ Int-2 Dex+2}
MPRegen  0.28/turn              N - ring "Qeedih" {rCorr rF+ rN++ Str-4 Int+3}

@: quick
A: blink, low mp 1
}: 7/15 runes: serpentine, barnacled, slimy, silver, icy, abyssal, demonic
a: Blink, Recite, Vitalisation, Imprison, Sanctuary, Donate Gold, Cure All
Mutations, Renounce Religion, Evoke Blink, Evoke Invisibility


You were on level 7 of Gehenna.
You worshipped Zin.
Zin was exalted by your worship.
You were near starving.

You visited 15 branches of the dungeon, and saw 72 of its levels.
You visited Pandemonium 1 time, and saw 2 of its levels.
You visited the Abyss 2 times.
You visited 1 bazaar.
You also visited: Labyrinth, Bailey and Desolation.

You collected 10201 gold pieces.
You spent 4124 gold pieces at shops.
You donated 3083 gold pieces to Zin.

Inventory:

Hand Weapons
 a - the +9 broad axe of the Heavens (weapon) {chop, MR+ MP+9}
   (You acquired it on level 2 of the Elven Halls)

   It inflicts extra damage upon your enemies.
   It affects your resistance to hostile enchantments.
   It affects your magic capacity (+9).
 b - the +10 hand crossbow "Wopsene" {penet, rPois}
   (You found it on level 5 of the Vaults)

   Ammo fired by it will pass through the targets it hits, potentially hitting
   all targets in its path until it reaches maximum range.
   It protects you from poison.
Missiles
 H - 2889 bolts
Armour
 c - the +2 helmet of the Elven Halls (worn) {+Blink rElec Int+2}
   (You bought it in a shop on level 1 of the Vaults)

   It affects your intelligence (+2).
   It insulates you from electricity.
   It lets you blink.
 v - the +2 cloak of Nuyshrue (worn) {rElec}
   (You found it in a labyrinth)

   It insulates you from electricity.
 x - the +3 warlock's mirror (worn) {reflect}
   (You bought it in a shop on level 1 of the Vaults)
 A - the +0 pair of gloves of Brilliance (worn) {rC+}
   (You found it on level 3 of the Elven Halls)

   It protects you from cold.
 K - a +2 pair of boots of running (worn)
 W - +9 gold dragon scales (worn)
Jewellery
 d - the amulet of Recklessness (around neck) {Spirit *Contam +Blink Dex+4}
   (You found it on level 5 of the Vaults)

   [amulet of guardian spirit]

   It causes incoming damage to be split between your health and magic.
   It affects your dexterity (+4).
   It lets you blink.
   It causes magical contamination when unequipped.
 e - a cursed -2 ring of evasion
 E - the ring of Trog's Pride (left hand) {Fire +Inv rN+++ Int-2 Dex+2}
   (You bought it in a shop in a bazaar)

   [ring of fire]

   It enhances your fire magic.
   It affects your intelligence (-2).
   It affects your dexterity (+2).
   It protects you from fire.
   It makes you vulnerable to cold.
   It renders you almost immune to negative energy.
   It lets you turn invisible.
 N - the ring "Qeedih" (right hand) {rCorr rF+ rN++ Str-4 Int+3}
   (You found it in the Desolation of Salt)

   [ring of resist corrosion]

   It affects your strength (-4).
   It affects your intelligence (+3).
   It protects you from fire.
   It greatly protects you from negative energy.
 S - the ring of Generosity {Str+4 SInv}
   (You found it in the Desolation of Salt)

   [ring of see invisible]

   It affects your strength (+4).
   It lets you see invisible.
 V - an uncursed ring of protection from cold
Wands
 o - a wand of digging (11/24)
 B - a wand of acid (8/15)
 I - a wand of iceblast (5/15)
 T - a wand of scattershot (1/9)
Scrolls
 h - 2 scrolls of holy word
 p - 2 scrolls of silence
 r - 10 scrolls of recharging
 u - 32 scrolls of teleportation
 w - 4 scrolls of magic mapping
 F - 7 scrolls of fog
 U - 6 scrolls of blinking
 Y - 4 scrolls of fear
 Z - 5 scrolls of immolation
Potions
 m - 3 potions of might
 n - 3 potions of berserk rage
 q - 2 potions of invisibility
 t - 47 potions of curing
 z - 10 potions of haste
 D - 5 potions of heal wounds
 L - 4 potions of resistance
 O - 8 potions of agility
 Q - 6 potions of flight
Miscellaneous
 s - a phial of floods (inert)
 y - 7 phantom mirrors
 J - a fan of gales
 M - 6 sacks of spiders
 P - a lamp of fire
 X - a lightning rod (4/4)
Comestibles
 f - 6 bread rations
 g - a meat ration
 G - 25 royal jellies


   Skills:
 - Level 22.0 Fighting
 - Level 20.8 Axes
 * Level 26.6 Crossbows
 - Level 21.0 Armour
 + Level 19.0 Dodging
 - Level 15.4 Shields
 - Level 20.4 Invocations
 - Level 15.0 Evocations


You had 26 spell levels left.
You didn't know any spells.

Dungeon Overview and Level Annotations

Branches:
Dungeon (15/15)            Temple (1/1) D:6            Lair (6/6) D:9
 Shoals (4/4) Lair:4        Snake (4/4) Lair:3        Slime (5/5) Lair:5
    Orc (2/2) D:12            Elf (3/3) Orc:2        Vaults (5/5) D:13
  Crypt (3/3) Vaults:2       Tomb (0/3) Crypt:3      Depths (5/5) D:15
   Hell (1/1)                 Dis (0/7) Hell            Geh (7/7) Hell
    Coc (7/7) Hell            Tar (0/7) Hell            Zot (4/5) Depths:5

Altars:
Ashenzari
Cheibriados
Dithmenos
Elyvilon
Fedhas
Gozag
Hepliaklqana
Kikubaaqudgha
Makhleb
Nemelex Xobeh
Okawaru
Qazlal
Ru
Sif Muna
Trog
Uskayaw
Vehumet
Wu Jian
Xom
Yredelemnul
Zin
The Shining One
Beogh
Jiyva
Lugonu

Shops:
D:11 *   D:15 *   Orc:2 ((?*   Elf:1 *   Elf:2 !   Elf:3 (   Shoals:3 :
Vaults:1 [   Depths:1 :   Depths:3 =[}

Portals:
Hell: Depths:1 Depths:2 Depths:3 Depths:4 Depths:5
Abyss: Depths:4 Depths:5
Pandemonium: Depths:3
Ziggurat: Depths:4
Trove: Depths:1 (give 12 potions of heal wounds)

Annotations:
Geh:7 Asmodeus


Innate Abilities, Weirdness & Mutations

You can translocate small distances at will.
Your magical capacity is low. (-10% MP)


Message History

There's a creature in the doorway!
You slice the Brimstone Fiend like a ripe choko!!!
The Brimstone Fiend is heavily wounded.
You block the Brimstone Fiend's attack.
The Brimstone Fiend hits you but does no damage.
The Brimstone Fiend hits you.
* * * LOW HITPOINT WARNING * * *
You slash the Brimstone Fiend!
The Brimstone Fiend is severely wounded.
Unknown command.
The Brimstone Fiend gestures at you.
The sphere of damnation explodes!
The damnation engulfs you!
* * * LOW HITPOINT WARNING * * *
The damnation engulfs the Brimstone Fiend.
The Brimstone Fiend completely resists.
You slash the Brimstone Fiend!
The Brimstone Fiend is almost dead.
The Brimstone Fiend gestures at you.
The sphere of damnation explodes!
The damnation engulfs you!
You die...

******≈≈≈#........#≈≈≈≈≈§≈§§≈*##
******≈≈≈#........#§≈§≈≈≈≈§≈§##.
******≈≈≈#........#≈§≈≈≈≈§§§≈§#.
*****#≈≈≈#........#≈≈§≈≈≈≈≈≈§§#.
*****#≈≈≈#........#≈≈≈≈≈≈§≈≈≈###
*****#§§§###++#########≈≈§≈§§#..
*****#≈≈≈≈≈#..#.......#≈≈§≈≈≈#..
*****#≈≈≈≈≈#..#.......########.#
*****#≈≈v≈≈#..#@..#...#......#..
*****#§§§≈§#..1..###..'.8..8.)..
*****#≈≈v≈≈#..#...#...#......#..
*****#≈≈§§§#..#.......########.#
*****#≈≈≈≈≈#..#.......#§≈≈§≈≈#..
*****#≈§≈###)'#########§§§§§≈#..
*****#≈≈≈#........#≈≈≈§§≈≈≈≈§###
*****#§≈≈#.(...)..#≈≈≈≈≈§≈≈§§§#.
******§≈§#...((...#≈§§§≈≈≈≈3§§#.


You could see a Brimstone Fiend and a fire vortex.

Vanquished Creatures
  Antaeus (Coc:7)
  the Royal Jelly (Slime:5)
  An orb of fire (Zot:3)
  A juggernaut (Depths:2)
  Boris (Vaults:4)
  8 shard shrikes
  Margery (Vaults:4)
  A curse toe (Crypt:3)
  A pandemonium lord (Pan)
  A Killer Klown (Zot:4)
  Jory (Vaults:2)
  3 bone dragons
  14 Brimstone Fiends
  A hellephant (Hell)
  A Tzitzimitl (Pan)
  5 electric golems (Zot:4)
  16 tentacled monstrosities
  Jorgrun (Snake:3)
  The ghost of davenfal the Slayer, an adept MiFi of Trog (Elf:3)
  18 Ice Fiends
  Asterion (Snake:1)
  4 titans
  7 liches
  6 quicksilver dragons
  2 deep elf blademasters
  11 acid blobs
  Murray (Hell)
  8 death cobs
  2 sphinxes
  2 tentacled starspawn (Abyss:4)
  4 ancient champions
  7 shadow dragons
  4 tengu reavers
  A draconian monk (Zot:3)
  8 storm dragons
  9 azure jellies
  A daeva (Pan)
  13 fire giants
  A nagaraja (Snake:4)
  5 deep elf sorcerers
  Ilsuiw (Shoals:4)
  9 orc warlords
  8 vault wardens
  6 draconian scorchers
  6 frost giants
  4 ghost moths
  13 balrugs
  An imperial myrmidon (Desolation)
  4 draconian knights
  A caustic shrike zombie (Depths:3)
  2 curse skulls
  An angel (Pan)
  6 draconian shifters
  A cacodemon (Depths:2)
  2 deep elf elementalists
  13 reapers
  3 spriggan defenders (Depths:3)
  3 war gargoyles
  7 ironheart preservers
  3 draconian stormcallers
  5 ghouls
  A draconian annihilator (Zot:1)
  An ophan (Pan)
  12 stone giants
  7 elemental wellsprings
  8 green draconians
  9 vampire knights
  9 starcursed masses (Abyss:4)
  12 very ugly things
  2 lorocyprocas (Pan)
  8 apis (Pan)
  2 black suns (Pan)
  6 black draconians
  6 deep elf demonologists
  3 halazid warlocks (Desolation)
  4 white draconians
  2 deep elf annihilators
  5 red draconians
  9 yellow draconians
  6 purple draconians
  A crystal guardian (Desolation)
  13 ettins
  6 death oozes
  5 eidola
  13 blizzard demons
  A merfolk javelineer (Shoals:4)
  A mummy priest (Crypt:1)
  3 fire dragons (Depths:3)
  5 deep elf death magi
  A minotaur (shapeshifter) (Depths:4)
  A minotaur (Lab)
  3 quicksilver dragon zombies
  2 deep elf high priests
  A jiangshi (Crypt:3)
  2 merfolk impalers
  4 ragged hierophants (Desolation)
  6 kraken zombies
  10 yaktaur captains
  6 great orbs of eyes
  5 servants of whispers (Desolation)
  2 hydras
  3 naga warriors
  4 rakshasas
  26 ice dragons
  7 vault guards
  A quicksilver dragon skeleton (Crypt:1)
  3 catoblepae
  2 merfolk avatars
  9 peacekeepers (Desolation)
  4 anacondas
  25 dancing weapons
  5 deep troll shamans
  9 centaur warriors
  3 death knights
  4 deep troll earth magi
  11 death yaks (Lair:6)
  4 satyrs
  29 two-headed ogres
  9 ogre magi
  3 hell hogs (Geh:3)
  4 spriggan berserkers
  5 naga sharpshooters (Snake:4)
  4 vampire magi
  4 shock serpents
  2 thrashing horrors (Abyss:4)
  The ghost of Marinez the Thaumaturge, a journeyman DEAE of Gozag (D:12)
  3 titan zombies
  The ghost of Croanthos the Fighter, a novice NaGl of Cheibriados (D:7)
  7 orc high priests (Orc:2)
  16 deep elf knights
  18 sun demons
  5 storm dragon zombies
  Sonja (Lair:2)
  3 titan skeletons
  2 wretched stars (Abyss:4)
  6 soul eaters
  2 iron golems (Hell)
  4 golden dragon zombies
  A sixfirhy (Abyss:2)
  46 skeletal warriors
  44 slime creatures
  46 hell knights
  13 flayed ghosts
  4 glowing orange brains
  5 sea snakes
  5 shadow wraiths
  3 unseen horrors
  An unseen horror (shapeshifter) (Depths:2)
  A naga ritualist (Snake:1)
  14 deep elf archers
  A deep troll (shapeshifter) (Depths:2)
  9 anaconda zombies
  A ghost moth zombie (Coc:2)
  8 storm dragon skeletons
  A sea snake (shapeshifter) (Vaults:5)
  14 deep trolls
  8 orc knights
  A lindwurm (shapeshifter) (Depths:2)
  4 phantasmal warriors
  3 kraken simulacra
  6 wolf spider zombies
  2 wizards
  An obsidian statue (Depths:2)
  6 anaconda skeletons
  A golden dragon skeleton (Geh:5)
  8 harpies
  5 shadow dragon zombies
  6 fire giant zombies
  9 ironbrand convokers
  3 large abominations
  10 cyclopes
  4 shining eyes
  7 frost giant zombies
  Pikel (D:9)
  13 necromancers
  20 ugly things
  2 mana vipers
  9 manticores
  A faun (shapeshifter) (Depths:2)
  4 shadow dragon skeletons
  2 iron dragon zombies
  4 orc sorcerers
  54 deep elf magi
  3 stone giant zombies
  15 fauns
  A human zombie (Vaults:5)
  8 elephants (Lair:6)
  14 moths of wrath
  11 salamanders
  2 ice statues (Coc:7)
  14 vault sentinels
  3 guardian serpents
  14 naga magi
  2 rust devils
  2 titan simulacra (Coc:7)
  2 merfolk sirens
  4 fire giant skeletons
  An iron dragon skeleton (Geh:7)
  18 black mambas
  4 stone giant skeletons
  11 frost giant skeletons
  An eye of devastation (Slime:3)
  2 molten gargoyles (Geh:7)
  4 smoke demons
  A shock serpent skeleton (Geh:7)
  A torpor snail (Depths:4)
  5 storm dragon simulacra (Coc:7)
  A water nymph (Shoals:4)
  3 dire elephant skeletons
  6 spiny frogs
  A gargoyle (D:14)
  6 dire elephant zombies
  9 hellions
  A rime drake (shapeshifter) (Depths:2)
  38 freezing wraiths
  41 yaktaurs
  32 ice devils
  9 efreet
  2 emperor scorpion zombies
  6 komodo dragons
  2 orange demons
  7 anaconda simulacra
  2 guardian mummies (Crypt:3)
  23 tormentors
  6 centaur skeletons
  A kobold demonologist (D:12)
  A rime drake (Lair:4)
  A hellwing (Depths:1)
  22 hydra zombies
  A pale draconian skeleton (Crypt:3)
  2 tengu conjurers
  A minotaur zombie (Lab)
  4 polar bears
  3 queen bees (shapeshifter)
  5 merfolk
  11 trolls
  A wind drake (Shoals:1)
  A troll (shapeshifter) (D:15)
  A jumping spider (shapeshifter) (Depths:2)
  11 red devils
  2 bog bodies
  42 saltlings (Desolation)
  2 blink frogs
  2 dream sheep (Lair:6)
  8 hornets
  A raiju (Abyss:2)
  6 ettin zombies
  A meliai (shapeshifter) (Vaults:5)
  A wind drake (shapeshifter) (Depths:2)
  7 alligator zombies
  5 hydra skeletons
  3 harpy skeletons
  A snapping turtle (shapeshifter) (Depths:2)
  4 hippogriffs
  2 raiju (shapeshifter)
  A hippogriff (shapeshifter) (Vaults:5)
  A meliai zombie (D:14)
  4 fire dragon zombies
  5 ice dragon zombies
  4 snapping turtles
  6 ettin skeletons
  2 fire giant simulacra
  An air elemental (Depths:3)
  36 flying skulls
  An ice dragon skeleton (Coc:1)
  2 alligator skeletons
  14 shadows
  3 ynoxinuls
  2 spriggans (Depths:3)
  18 water elementals
  6 fire dragon skeletons
  20 wraiths
  3 vampires
  A spriggan (shapeshifter) (Elf:3)
  3 wyverns
  2 fire bats (Depths:1)
  26 yaks
  A chaos spawn (Abyss:4)
  5 hungry ghosts
  2 golden eyes (shapeshifter)
  2 basilisks (shapeshifter)
  2 hogs (D:13)
  Grum (D:9)
  4 basilisks
  7 fire elementals
  An emperor scorpion simulacrum (Coc:7)
  4 neqoxecs
  The ghost of knot the Sneak, an amateur DsAs (D:3)
  2 steam dragons
  6 vampire mosquitoes
  17 wargs
  A harpy simulacrum (Coc:2)
  5 hydra simulacra
  10 nagas
  An acid dragon (Vaults:2)
  An infernal demonspawn skeleton (Crypt:3)
  6 porcupines
  Duvessa (D:5)
  23 hell hounds
  5 water moccasins
  2 floating eyes (shapeshifter)
  11 spiny frog zombies
  4 sky beasts
  2 slaves (D:9)
  5 spiny frog skeletons
  An eye of draining (shapeshifter) (Elf:2)
  49 orc warriors
  2 alligator simulacra
  12 eyes of draining
  17 ice beasts
  An ice dragon simulacrum (Coc:3)
  2 ettin simulacra
  2 manticore zombies
  7 necrophages
  A snapping turtle zombie (Coc:7)
  7 phantoms
  A swamp dragon zombie (Coc:6)
  2 manticore skeletons
  42 ogres
  3 snapping turtle skeletons
  4 wolves
  11 centaurs
  9 boggarts
  2 swamp dragon skeletons
  A rime drake zombie (Crypt:2)
  3 big kobolds
  3 crocodiles
  15 bullfrogs
  3 earth elementals (Elf:1)
  Dowan (D:5)
  A gnoll sergeant (D:10)
  2 wyvern skeletons
  2 scorpions
  2 snapping turtle simulacra
  23 killer bees
  A swamp dragon simulacrum (Coc:5)
  51 wights
  6 howler monkeys
  An electric eel (Lair:2)
  9 crimson imps
  2 centaur zombies
  4 bullfrog zombies
  A quasit (D:8)
  2 yaktaur simulacra
  7 hounds
  15 orc priests
  15 jellies
  2 bullfrog skeletons
  A human skeleton (Geh:5)
  An iguana (D:5)
  Ijyb (D:5)
  22 orc wizards
  2 hell rats
  12 worker ants
  A killer bee zombie (D:6)
  A deep dwarf zombie (Crypt:1)
  A dwarf skeleton (Crypt:1)
  A felid skeleton (Crypt:3)
  A tengu skeleton (Geh:5)
  2 hound zombies (D:11)
  2 hound skeletons
  6 mummies
  2 worker ant zombies
  23 gnolls
  2 howler monkey skeletons
  9 adders
  6 shadow imps
  17 white imps
  An adder skeleton (D:5)
  5 worms (D:2)
  10 leopard geckos
  94 orcs
  4 ball pythons
  8 giant cockroaches
  20 goblins
  18 hobgoblins
  14 jackals
  21 kobolds
  3 quokkas
  A ball python (shapeshifter) (D:15)
  10 bats
  4 frilled lizards
  A gnoll skeleton (Crypt:1)
  A hobgoblin skeleton (Crypt:3)
  A jackal skeleton (D:4)
  A kobold zombie (Crypt:3)
  A leopard gecko zombie (D:7)
  An orc skeleton (Coc:3)
  11 rats
  A rat skeleton (Crypt:1)
  A crawling corpse (Vaults:1)
  2 fire vortices
  3 fungi
  22 plants
  3 starspawn tentacles (Abyss:4)
  8 tentacles
2651 creatures vanquished.

Vanquished Creatures (collateral kills)
  Khufu (Crypt:3)
  An ancient lich (Crypt:3)
  Mennas (Depths:5)
  A juggernaut (Depths:5)
  Sojobo (Depths:5)
  2 greater mummies (Crypt:3)
  3 shard shrikes
  3 golden dragons
  Geryon (Hell)
  Xtahua (Vaults:4)
  A bone dragon (Coc:6)
  5 Ice Fiends
  5 tentacled monstrosities
  An electric golem (Zot:1)
  2 quicksilver dragons
  A deep elf blademaster (Elf:3)
  An eldritch tentacle (Coc:7)
  2 deep elf master archers (Elf:3)
  A lich (Vaults:3)
  5 acid blobs (Slime:5)
  2 sphinxes
  3 titans
  8 ancient champions
  A kraken (Shoals:1)
  9 shadow dragons
  5 storm dragons
  4 revenants
  7 nagarajas
  A draconian monk (Depths:5)
  Kirke (D:13)
  Donald (Crypt:2)
  2 iron dragons
  A daeva (Pan)
  5 tengu reavers
  2 azure jellies (Slime:5)
  3 frost giants
  A draconian knight (Zot:1)
  4 fire giants
  A warmonger (Pan)
  2 deep elf sorcerers
  7 vault wardens
  A cacodemon (Depths:5)
  2 angels (Pan)
  A draconian shifter (Zot:1)
  11 very ugly things
  8 reapers
  8 ironheart preservers
  5 ghouls
  A draconian annihilator (Zot:1)
  An ophan (Pan)
  7 stone giants
  A war gargoyle (Vaults:5)
  3 apis (Pan)
  4 deep elf demonologists
  8 vampire knights
  3 green draconians
  2 black draconians (Depths:5)
  Nessos (D:13)
  A purple draconian (Depths:5)
  A spark wasp (Depths:2)
  4 deep elf annihilators
  A halazid warlock (Desolation)
  A spark wasp (shapeshifter) (Depths:2)
  A red draconian (Depths:5)
  A white draconian (Zot:1)
  3 eidola
  4 merfolk javelineers
  8 deep elf death magi
  4 ettins
  8 blizzard demons
  3 quicksilver dragon zombies
  8 merfolk impalers (Shoals:4)
  5 fire dragons
  5 jiangshi
  7 ogre magi
  3 rakshasas
  A deep elf high priest (Elf:3)
  2 great orbs of eyes
  26 vault guards
  11 yaktaur captains
  2 quicksilver dragon skeletons
  8 naga warriors
  2 kraken zombies (Hell)
  13 ice dragons
  5 anacondas
  3 spriggan air magi
  2 catoblepae
  2 death knights
  6 centaur warriors
  A merfolk avatar (Shoals:1)
  3 satyrs
  14 dancing weapons
  4 deep troll shamans
  21 two-headed ogres
  7 death yaks (Lair:6)
  2 titan zombies
  4 merfolk aquamancers (Shoals:4)
  A queen ant (shapeshifter) (Vaults:5)
  5 deep troll earth magi
  2 tengu warriors
  A spriggan berserker (Depths:3)
  2 naga sharpshooters (Snake:4)
  A vampire mage (Crypt:3)
  11 hell knights
  4 spriggans (Depths:3)
  2 shock serpents
  12 deep elf knights
  An iron golem (Hell)
  7 soul eaters
  2 storm dragon zombies
  5 sun demons
  2 titan skeletons
  2 fire crabs (shapeshifter)
  3 sixfirhies
  2 shadow wraiths
  37 skeletal warriors
  10 sea snakes
  3 iron trolls
  4 salamander mystics
  2 anaconda zombies
  2 golden dragon zombies (Coc:1)
  4 glowing orange brains
  24 deep trolls
  3 flayed ghosts
  A storm dragon skeleton (Depths:3)
  An unseen horror (D:12)
  9 phantasmal warriors
  2 wizards
  8 naga ritualists
  10 deep elf archers
  An orange crystal statue (Depths:4)
  2 wolf spider zombies
  3 harpies (shapeshifter)
  26 deep elf magi
  8 necromancers
  3 orc knights
  21 ugly things
  An anaconda skeleton (Hell)
  10 ironbrand convokers
  A shadow dragon zombie (Crypt:1)
  2 mana vipers
  6 harpies
  2 shadow dragon skeletons
  An orc sorcerer (Elf:1)
  2 iron dragon zombies
  A cyclops (Vaults:2)
  2 fire giant zombies
  4 manticores
  3 oklob plants (Lair:6)
  9 salamanders
  3 frost giant zombies
  4 merfolk sirens
  5 elephants (Lair:6)
  2 stone giant skeletons
  2 guardian serpents (Snake:1)
  8 fauns
  A fire giant skeleton (Depths:3)
  5 centaur zombies
  3 vault sentinels
  A titan simulacrum (Coc:7)
  A smoke demon (Hell)
  3 torpor snails (Depths:4)
  2 spiny frogs (shapeshifter)
  15 black mambas
  A centaur skeleton (D:14)
  5 rust devils
  An ice statue (Lair:3)
  An elephant (shapeshifter) (Depths:2)
  8 naga magi
  3 orange demons
  A hellion (Hell)
  2 rime drakes
  A small abomination (Vaults:1)
  6 spiny frogs
  A dire elephant skeleton (Coc:2)
  4 komodo dragons
  A rime drake (shapeshifter) (Depths:1)
  2 tengu conjurers
  30 yaktaurs
  14 freezing wraiths
  A hellwing (Depths:1)
  2 guardian mummies (Crypt:3)
  13 ice devils
  An efreet (Depths:1)
  3 anaconda simulacra (Coc:7)
  6 red devils
  3 tormentors
  2 trolls
  3 hornets (Depths:3)
  3 hydra zombies
  4 merfolk
  A death drake zombie (Crypt:1)
  A polar bear (shapeshifter) (Depths:2)
  A wind drake (Shoals:4)
  A shadow dragon simulacrum (Depths:3)
  3 hydra skeletons
  A raiju (shapeshifter) (Depths:3)
  5 saltlings (Desolation)
  A jumping spider zombie (Crypt:2)
  2 polar bears
  2 alligator zombies
  11 blink frogs
  A minotaur skeleton (Crypt:1)
  A dream sheep (shapeshifter) (Depths:2)
  4 dream sheep (Lair:6)
  9 slime creatures
  3 snapping turtles
  An ice dragon zombie (Coc:3)
  A meliai zombie (D:12)
  4 hippogriffs
  An ettin zombie (Crypt:1)
  7 flying skulls
  5 air elementals
  A black mamba zombie (Crypt:3)
  A redback (shapeshifter) (Vaults:5)
  2 fire dragon skeletons
  2 shadows (Crypt:1)
  2 alligator skeletons
  7 fire elementals
  An ettin skeleton (Hell)
  2 vampires
  2 wyverns
  5 wraiths
  A black mamba skeleton (Hell)
  2 fire bats (Depths:1)
  14 yaks
  A hog (shapeshifter) (D:15)
  11 water elementals
  2 elf skeletons
  2 hungry ghosts
  2 hogs (D:13)
  A neqoxec (Pan)
  A wind drake skeleton (Crypt:2)
  A swamp worm (shapeshifter) (Vaults:3)
  4 vampire mosquitoes
  19 nagas
  4 wargs (Orc:2)
  3 spiny frog zombies
  9 water moccasins
  A hydra simulacrum (Coc:7)
  A sky beast (D:13)
  A porcupine (Lair:3)
  A black bear (shapeshifter) (Vaults:3)
  5 orc warriors
  2 spiny frog skeletons (Coc:2)
  4 hell hounds
  5 ice beasts
  2 snapping turtle zombies
  2 necrophages (Crypt:3)
  A hornet zombie (D:13)
  11 ogres
  An eye of draining (Slime:5)
  A boggart (D:15)
  9 centaurs
  2 snapping turtle skeletons
  A swamp dragon skeleton (Coc:2)
  2 wolves (Lair:5)
  8 crocodiles
  3 bullfrogs
  A human simulacrum (Vaults:2)
  A spiny frog simulacrum (Hell)
  2 wights
  A snapping turtle simulacrum (Hell)
  An electric eel (Lair:2)
  2 crimson imps
  A human zombie (Crypt:2)
  4 jellies
  9 orc priests
  2 hounds
  An iguana (D:14)
  An orc wizard (Orc:1)
  A human skeleton (Hell)
  2 hell rats (Depths:5)
  A dwarf zombie (Crypt:3)
  A naga skeleton (Coc:7)
  A mummy (Crypt:3)
  3 gnolls (Bailey)
  5 adders (Lair:3)
  5 white imps
  An ooze (Lair:5)
  An adder zombie (Crypt:3)
  18 orcs
  4 hobgoblins (Bailey)
  2 goblins (Bailey)
  A jackal zombie (Crypt:1)
  3 bushes
  51 fungi
  109 plants
  7 tentacles
1326 creatures vanquished.

Vanquished Creatures (others)
  An eldritch tentacle (Coc:7)
  A blood saint (Pan)
  A deep elf sorcerer (Elf:1)
  A vault warden (Vaults:5)
  A draconian scorcher (Zot:1)
  10 orc warlords
  An elemental wellspring (Coc:3)
  A blizzard demon (Coc:7)
  A yaktaur captain (Depths:4)
  A two-headed ogre (Vaults:5)
  A hell hog (Geh:3)
  A thrashing horror (Abyss:4)
  3 orc high priests
  A deep elf knight (Vaults:1)
  26 orc knights
  4 orc sorcerers
  2 deep elf archers
  A black mamba (Snake:4)
  11 yaktaurs
  An ice devil (Coc:4)
  A hydra zombie (Coc:7)
  An alligator zombie (Coc:4)
  23 orc warriors
  2 slaves (D:9)
  38 orc priests
  18 orc wizards
  A hell rat (Hell)
  A mummy (Coc:7)
  A worker ant zombie (D:6)
  A shadow imp (D:6)
  81 orcs
  6 fungi
  26 plants
  6 starspawn tentacles
  49 tentacles
325 creatures vanquished.

Grand Total: 4302 creatures vanquished

Notes
Turn   | Place    | Note
-------+----------+-------------------------------------------
     0 | D:1      | Lianjan the Hill Orc Fighter began the quest for the Orb.
     0 | D:1      | Reached XP level 1. HP: 19/19 MP: 1/1
   150 | D:1      | Reached XP level 2. HP: 23/26 MP: 2/2
   689 | D:2      | Reached XP level 3. HP: 28/31 MP: 3/3
   938 | D:2      | Reached skill level 5 in Axes
  1323 | D:2      | Reached XP level 4. HP: 29/40 MP: 4/4
  2529 | D:3      | Reached XP level 5. HP: 39/47 MP: 5/5
  2718 | D:3      | Reached skill level 5 in Fighting
  2895 | D:3      | Noticed knot's ghost (amateur DsAs)
  2926 | D:3      | Killed knot's ghost
  2926 | D:3      | Reached XP level 6. HP: 49/57 MP: 6/6
  3410 | D:4      | Reached XP level 7. HP: 60/64 MP: 5/7
  3875 | D:4      | Found a radiant altar of Vehumet.
  4320 | D:5      | Entered Level 5 of the Dungeon
  4462 | D:5      | Noticed Ijyb
  4492 | D:5      | Killed Ijyb
  5013 | D:5      | Reached XP level 8. HP: 73/73 MP: 8/8
  5043 | D:5      | Reached skill level 1 in Evocations
  5065 | D:5      | Noticed Duvessa
  5066 | D:5      | Noticed Dowan
  5071 | D:5      | Killed Duvessa
  5080 | D:5      | Killed Dowan
  5504 | D:6      | Found a glowing silver altar of Zin.
  5516 | D:6      | Became a worshipper of Beogh the Brigand
  5612 | D:6      | Reached skill level 10 in Axes
  5803 | D:6      | Reached XP level 9. HP: 65/77 MP: 11/11
  5894 | D:6      | Found a staircase to the Ecumenical Temple.
  6037 | D:6      | Found an ornate altar of the Wu Jian Council.
  6174 | D:6      | Found an opulent altar of Gozag.
  7089 | D:7      | Reached skill level 5 in Armour
  7112 | D:7      | Reached * piety under Beogh
  7207 | D:7      | Found a shimmering altar of Xom.
  7247 | D:7      | Noticed Croanthos's ghost (novice NaGl)
  7276 | D:7      | Killed Croanthos's ghost
  7276 | D:7      | Reached skill level 5 in Shields
  7276 | D:7      | Reached skill level 5 in Evocations
  7557 | D:7      | Found an iron altar of Okawaru.
  7586 | D:7      | Reached XP level 10. HP: 71/90 MP: 5/14
  8489 | D:8      | Noticed a two-headed ogre
  8626 | D:8      | Found an opulent altar of Gozag.
  9398 | D:8      | Killed a two-headed ogre
  9398 | D:8      | Reached ** piety under Beogh
 10422 | D:9      | Noticed Grum
 10451 | D:9      | Killed Grum
 10548 | D:9      | Noticed Pikel
 10554 | D:9      | Killed Pikel
 10737 | D:9      | Reached XP level 11. HP: 58/99 MP: 10/16
 11016 | D:9      | Found a hazy altar of Hepliaklqana.
 11046 | D:9      | Reached skill level 10 in Fighting
 11055 | D:9      | Reached skill level 1 in Invocations
 11108 | D:9      | Found a staircase to the Lair.
 11528 | D:10     | Entered Level 10 of the Dungeon
 11840 | D:10     | Killed an unseen horror
 12531 | D:10     | Reached *** piety under Beogh
 12569 | D:10     | Killed an unseen horror
 12925 | D:11     | Got a fine chain mail
 12970 | D:11     | Identified the cursed +1 chain mail "Zimyaleq" {rC+} (You found it on level 11 of the Dungeon)
 13300 | D:11     | Found a flagged portal.
 13320 | Bailey   | Entered a bailey
 13431 | Bailey   | Reached **** piety under Beogh
 13464 | Bailey   | Noticed an orc knight
 13466 | Bailey   | Gained Ugbert as an ally
 13469 | Bailey   | Your ally Ugbert died
 13478 | Bailey   | Killed an orc knight
 13505 | Bailey   | Noticed an orc warlord
 13515 | Bailey   | Gained mutation: You are robust. (+10% HP) [potion of mutation]
 13515 | Bailey   | Gained mutation: You are somewhat resistant to further mutation. [potion of mutation]
 13618 | Bailey   | Reached XP level 12. HP: 44/118 MP: 12/18
 13619 | Bailey   | Identified a scroll of acquirement
 13829 | Bailey   | Got a brightly glowing flail
 13938 | Bailey   | Gained Orgrim as an ally
 14108 | D:11     | Found Xaasos's Assorted Antiques.
 14114 | D:11     | Reached ***** piety under Beogh
 14647 | D:11     | Reached XP level 13. HP: 122/125 MP: 16/19
 15010 | D:12     | Found a staircase to the Orcish Mines.
 15053 | D:12     | Reached skill level 5 in Invocations
 15368 | D:12     | Noticed Marinez's ghost (journeyman DEAE)
 15377 | D:12     | Killed Marinez's ghost
 16013 | D:13     | Reached skill level 10 in Evocations
 16481 | D:13     | Noticed Kirke
 16499 | D:13     | Killed Kirke
 16529 | D:13     | Reached XP level 14. HP: 129/136 MP: 21/21
 16533 | D:13     | Found a gate to the Vaults.
 16538 | D:13     | Gained Orkrul as an ally
 16764 | Lair:1   | Entered Level 1 of the Lair of Beasts
 17318 | Lair:1   | Reached ****** piety under Beogh
 17594 | Lair:2   | Noticed Sonja
 17610 | Lair:2   | Killed Sonja
 17819 | Lair:2   | Found a labyrinth entrance.
 17832 | Lab      | Entered a labyrinth
 18642 | Lab      | Got a steaming cloak
 18650 | Lair:2   | Identified the +2 cloak of Nuyshrue {rElec} (You found it in a labyrinth)
 19059 | Orc:1    | Entered Level 1 of the Orcish Mines
 19520 | Orc:2    | Entered Level 2 of the Orcish Mines
 19593 | Orc:2    | Noticed a stone giant
 19602 | Orc:2    | Killed a stone giant
 20091 | Orc:2    | Found Ishryagu's Magic Scroll Shoppe.
 20099 | Orc:2    | Found Saomac's Assorted Antiques.
 20146 | Orc:2    | Found a roughly hewn altar of Beogh.
 20172 | Orc:2    | Bought a scroll of blinking for 75 gold pieces
 20245 | Orc:2    | Found a staircase to the Elven Halls.
 20465 | Orc:2    | Found a roughly hewn altar of Beogh.
 20570 | Orc:2    | Found Ezidwy's Antique Weapon Shoppe.
 20589 | Orc:2    | Found Gufi's Antique Weapon Boutique.
 20608 | Orc:2    | Bought a glowing broad axe for 140 gold pieces
 21092 | Lair:3   | Reached skill level 10 in Armour
 21174 | Lair:3   | You fall through a shaft!
 21271 | Lair:3   | Found a staircase to the Snake Pit.
 22340 | Lair:4   | Found a staircase to the Shoals.
 22931 | Lair:5   | Found a staircase to the Slime Pits.
 23352 | Lair:6   | Entered Level 6 of the Lair of Beasts
 23378 | Lair:6   | Reached skill level 10 in Shields
 23749 | Lair:6   | Reached XP level 15. HP: 147/147 MP: 22/22
 23931 | Lair:6   | Reached skill level 1 in Dodging
 24317 | Lair:6   | Gained Gorm as an ally
 24741 | Lair:6   | Reached skill level 10 in Invocations
 24844 | Lair:6   | Gained Boruk as an ally
 24847 | Lair:6   | Your ally Boruk died
 25120 | Orc:2    | Bought a shiny onyx ring for 120 gold pieces
 25120 | Orc:2    | Bought 2 potions of haste for 480 gold pieces
 25201 | D:13     | Noticed Nessos
 25206 | D:13     | Gained Rocco as an ally
 25209 | D:13     | Your ally Gorm died
 25214 | D:13     | Killed Nessos
 25572 | D:14     | Found an opulent altar of Gozag.
 26409 | D:15     | Entered Level 15 of the Dungeon
 26414 | D:15     | Reached XP level 16. HP: 158/158 MP: 20/23
 26509 | D:15     | Your ally Rocco died
 26840 | D:15     | Found a staircase to the Depths.
 26970 | D:15     | Found Vomasey's Elemental Accessories.
 27575 | Shoals:1 | Entered Level 1 of the Shoals
 28029 | Shoals:1 | Noticed a kraken
 28096 | Shoals:1 | Killed a kraken
 29446 | Shoals:3 | Gained Arkwar as an ally
 29658 | Shoals:3 | Found Woemud's Book Shoppe.
 30028 | Shoals:4 | Entered Level 4 of the Shoals
 30028 | Shoals:4 | Noticed Ilsuiw
 30047 | Shoals:4 | Killed Ilsuiw
 30264 | Shoals:4 | Gained Oreg as an ally
 30281 | Shoals:4 | Gained Wargrak as an ally
 30289 | Shoals:4 | Your ally Oreg died
 30296 | Shoals:4 | Your ally Wargrak died
 30567 | Shoals:4 | Reached XP level 17. HP: 154/169 MP: 25/25
 30757 | Shoals:4 | Got a barnacled rune of Zot
 30791 | Shoals:4 | Gained Morbeogh as an ally
 30801 | Shoals:4 | Got an ancient platinum amulet
 30803 | Shoals:4 | Identified the amulet "Qomixeod" {Inacc +Inv +Fly rPois} (You found it on level 4 of the Shoals)
 30836 | Shoals:4 | Noticed a kraken
 31187 | Snake:1  | Entered Level 1 of the Snake Pit
 31756 | Snake:1  | Reached skill level 15 in Fighting
 32260 | Snake:1  | Reached skill level 5 in Dodging
 32316 | Snake:1  | Noticed Asterion
 32327 | Snake:1  | Killed Asterion
 32923 | Snake:2  | Gained Olfrun as an ally
 34315 | Snake:3  | Noticed Jorgrun
 34325 | Snake:3  | Killed Jorgrun
 34327 | Snake:3  | Your ally Orkrul died
 35165 | Snake:4  | Entered Level 4 of the Snake Pit
 36279 | Snake:4  | Gained Bogbarth as an ally
 36285 | Snake:4  | Reached XP level 18. HP: 176/182 MP: 27/27
 36289 | Snake:4  | Gained Bogfrid as an ally
 36310 | Snake:4  | Your ally Gorm died
 36313 | Snake:4  | Your ally Orgrim died
 36315 | Snake:4  | Your ally Bogbarth died
 36319 | Snake:4  | Your ally Olfrun died
 36322 | Snake:4  | Gained Beowulf as an ally
 36323 | Snake:4  | Your ally Morbeogh died
 36325 | Snake:4  | Your ally Bogfrid died
 36333 | Snake:4  | Your ally Beowulf died
 37797 | Snake:4  | Got a serpentine rune of Zot
 38171 | Elf:1    | Entered Level 1 of the Elven Halls
 38467 | Elf:1    | Found Zogugh's General Store.
 38889 | Elf:1    | Noticed an Ice Fiend
 38901 | Elf:1    | Reached skill level 15 in Shields
 39476 | Elf:1    | Reached skill level 1 in Crossbows
 39972 | Elf:1    | Reached skill level 2 in Crossbows
 40239 | Vaults:1 | Entered Level 1 of the Vaults
 40466 | Vaults:1 | Gained Borgoth as an ally
 40484 | Vaults:1 | Reached skill level 3 in Crossbows
 40498 | Vaults:1 | Found Ubof's Antique Armour Boutique.
 40931 | Vaults:1 | Bought the +3 warlock's mirror {reflect} for 920 gold pieces
 40931 | Vaults:1 | Bought a pair of glowing boots for 172 gold pieces
 40931 | Vaults:1 | Bought an ancient helmet for 218 gold pieces
 40951 | Vaults:1 | Identified a +2 pair of boots of running (You bought it in a shop on level 1 of the Vaults)
 41233 | Vaults:1 | Gained Bogwik as an ally
 41233 | Vaults:1 | Reached XP level 19. HP: 138/191 MP: 29/29
 41534 | Vaults:1 | Reached skill level 4 in Crossbows
 42990 | Vaults:2 | Reached skill level 5 in Crossbows
 43871 | Vaults:2 | Noticed Jory
 43882 | Vaults:2 | Killed Jory
 43882 | Vaults:2 | Reached skill level 6 in Crossbows
 44846 | Vaults:2 | Found a staircase to the Crypt.
 45366 | Vaults:3 | Gained Wardok as an ally
 45375 | Vaults:3 | Reached skill level 15 in Armour
 45826 | Vaults:3 | Reached skill level 7 in Crossbows
 45831 | Vaults:3 | Reached XP level 20. HP: 91/202 MP: 30/30
 47159 | Vaults:3 | Reached skill level 8 in Crossbows
 47856 | Vaults:4 | Noticed Boris
 47866 | Vaults:4 | Killed Boris
 48097 | Vaults:4 | Found a ruined gateway.
 48117 | Desolati | Entered the Desolation of Salt
 48408 | Desolati | Reached skill level 15 in Invocations
 48583 | Desolati | Gained Ugrim as an ally
 48639 | Desolati | Got a warped marble ring
 48649 | Desolati | Identified the ring of Generosity {Str+4 SInv} (You found it in the Desolation of Salt)
 48719 | Desolati | Reached skill level 9 in Crossbows
 48795 | Desolati | Your ally Ugrim died
 50474 | Desolati | Got a fine sapphire amulet
 50489 | Desolati | Got a pitted cloak
 50495 | Desolati | Identified the +4 cloak "Waadat" {*Slow +Inv Dex+8} (You found it in the Desolation of Salt)
 50515 | Desolati | Identified the amulet "Byhoikas" {Faith rPois rF+ Stlth+} (You found it in the Desolation of Salt)
 50519 | Desolati | Got a smoking ivory ring
 50520 | Desolati | Identified the ring "Qeedih" {rCorr rF+ rN++ Str-4 Int+3} (You found it in the Desolation of Salt)
 50528 | Desolati | Got a warped diamond amulet
 50531 | Desolati | Identified the amulet of the Cricket {+Rage rPois MR+ SInv} (You found it in the Desolation of Salt)
 50575 | Desolati | Got a faintly glowing mace
 50808 | Vaults:4 | Noticed Margery
 50824 | Vaults:4 | Killed Margery
 50824 | Vaults:4 | Reached XP level 21. HP: 95/213 MP: 32/32
 51165 | Vaults:4 | Killed Xtahua
 51274 | Vaults:4 | Reached skill level 10 in Crossbows
 52053 | Vaults:4 | Gained Bladwarg as an ally
 52408 | Elf:2    | Got an ancient broad axe
 52409 | Elf:2    | Identified the +9 broad axe of the Heavens {chop, MR+ MP+9} (You acquired it on level 2 of the Elven Halls)
 52656 | Elf:2    | Gained Morbeogh as an ally
 52736 | Elf:2    | Your ally Morbeogh died
 52747 | Elf:2    | Found Bum Wausiule's Distillery.
 52794 | Elf:2    | Bought a potion of heal wounds for 55 gold pieces
 52794 | Elf:2    | Bought a potion of heal wounds for 55 gold pieces
 52811 | Elf:2    | Found a huge runed gate.
 52811 | Elf:2    | Found a huge runed gate.
 52812 | Elf:2    | Found a huge runed gate.
 53100 | Elf:2    | Reached skill level 11 in Crossbows
 53951 | Vaults:1 | Identified the +2 helmet of the Elven Halls {+Blink rElec Int+2} (You bought it in a shop on level 1 of the Vaults)
 54136 | Elf:3    | Entered Level 3 of the Elven Halls
 54289 | Elf:3    | Found Rewemoown's Antique Weapon Emporium.
 54630 | Elf:3    | Got a blackened morningstar {venom}
 54793 | Elf:3    | Noticed davenfal's ghost (adept MiFi)
 54803 | Elf:3    | Killed davenfal's ghost
 54879 | Elf:3    | Reached skill level 10 in Dodging
 55064 | Elf:3    | Reached XP level 22. HP: 111/224 MP: 34/34
 55555 | Elf:3    | Got a pair of crude gloves
 55561 | Elf:3    | Identified the +0 pair of gloves of Brilliance {rC+} (You found it on level 3 of the Elven Halls)
 55831 | Elf:3    | Reached skill level 12 in Crossbows
 56056 | Depths:1 | Entered Level 1 of the Depths
 56213 | Depths:1 | Found Plog's Book Boutique.
 56261 | Depths:1 | Found a gateway to Hell.
 57054 | Depths:1 | Found a portal to a secret trove of treasure.
 57277 | Depths:1 | Gained Berold as an ally
 57421 | Depths:2 | Found a corrupted altar of Lugonu.
 57442 | Depths:2 | Got a pair of spiked gloves
 57443 | Depths:2 | Identified the cursed +0 pair of gloves of a bailey {MR+} (You found it on level 2 of the Depths)
 57705 | Depths:2 | Noticed a juggernaut
 57717 | Depths:2 | Killed a juggernaut
 58683 | Depths:2 | Identified the Almanac of Beguiling
 59165 | Depths:3 | Reached skill level 13 in Crossbows
 59182 | Depths:3 | Found Amin's Armour Emporium.
 59182 | Depths:3 | Found Seuhaoqo's Jewellery Shoppe.
 59991 | Depths:3 | Reached XP level 23. HP: 180/234 MP: 35/35
 60477 | Depths:3 | Found Wiememo's Gadget Shop.
 60572 | Depths:3 | Bought a phantom mirror for 480 gold pieces
 60572 | Depths:3 | Bought a box of beasts for 320 gold pieces
 60608 | Depths:3 | Found a one-way gate leading to the halls of Pandemonium.
 61263 | Depths:4 | Found a flickering gateway to a bazaar.
 61264 | Depths:4 | Found a gateway to a ziggurat.
 61294 | Bazaar   | Entered a bazaar
 61307 | Bazaar   | Found Qiotz's General Store.
 61307 | Bazaar   | Found Kakhuseo's Assorted Antiques.
 61325 | Bazaar   | Bought a vibrating turquoise ring for 130 gold pieces
 61325 | Bazaar   | Bought a twisted tourmaline ring for 130 gold pieces
 61343 | Bazaar   | Found Woaxuosu's Antique Weapon Shoppe.
 61343 | Bazaar   | Found Xiorot's Antique Armour Shoppe.
 61361 | Bazaar   | Identified the ring of Trog's Pride {Fire +Inv rN+++ Int-2 Dex+2} (You bought it in a shop in a bazaar)
 62072 | Depths:4 | Your ally Bogwik died
 62075 | Depths:4 | Noticed a golden dragon
 62082 | Depths:4 | Killed a golden dragon
 62163 | Depths:4 | Reached skill level 14 in Crossbows
 62172 | Depths:4 | Found a snail-covered altar of Cheibriados.
 62722 | Depths:4 | Found a one-way gate to the infinite horrors of the Abyss.
 63514 | Depths:5 | Entered Level 5 of the Depths
 63516 | Depths:5 | Noticed Mennas
 63534 | Depths:5 | Killed Mennas
 63828 | Depths:5 | Noticed a juggernaut
 63836 | Depths:5 | Killed a juggernaut
 64220 | Depths:5 | Noticed Sojobo
 64230 | Depths:5 | Killed Sojobo
 64231 | Depths:5 | Reached XP level 24. HP: 203/246 MP: 36/36
 64890 | Depths:5 | Found a gate to the Realm of Zot.
 65399 | Hell     | Entered the Vestibule of Hell
 65432 | Hell     | Noticed Geryon
 65649 | Hell     | Noticed Murray
 66278 | Crypt:1  | Entered Level 1 of the Crypt
 66336 | Crypt:1  | Reached skill level 15 in Crossbows
 67028 | Crypt:1  | Identified the Catalogue of Necromancy
 67103 | Crypt:1  | Got a coiled brass amulet
 67854 | Crypt:2  | Identified the amulet of Fragile Peace {Inacc MR+ SInv} (You found it on level 1 of the Crypt)
 68296 | Crypt:2  | Noticed Donald
 68317 | Crypt:2  | Killed Donald
 68505 | Crypt:3  | Entered Level 3 of the Crypt
 68667 | Crypt:3  | Noticed a greater mummy
 68668 | Crypt:3  | Noticed a greater mummy
 69187 | Orc:2    | Bought a scroll of silence for 75 gold pieces
 69519 | Crypt:3  | Reached XP level 25. HP: 201/257 MP: 36/36
 69720 | Crypt:3  | Noticed an ancient lich
 69722 | Crypt:3  | Killed an ancient lich
 69793 | Crypt:3  | Found a basalt altar of Yredelemnul.
 69796 | Crypt:3  | Found an ancient bone altar of Kikubaaqudgha.
 70048 | Crypt:3  | Reached skill level 16 in Crossbows
 70061 | Crypt:3  | Found a staircase to the Tomb.
 70375 | Crypt:3  | Noticed Khufu
 70384 | Crypt:3  | Killed a greater mummy
 70388 | Crypt:3  | Killed Khufu
 70391 | Crypt:3  | Killed a greater mummy
 70889 | Vaults:5 | Entered Level 5 of the Vaults
 70913 | Vaults:5 | Your ally Bladwarg died
 71350 | Vaults:5 | Identified the Reference Book on Torrid Moulding
 71394 | Vaults:5 | Got an ancient ivory amulet
 71395 | Vaults:5 | Identified the amulet of Recklessness {Spirit *Contam +Blink Dex+4} (You found it on level 5 of the Vaults)
 71874 | Vaults:5 | Reached XP level 26. HP: 119/264 MP: 37/37
 72943 | Vaults:5 | Reached skill level 17 in Crossbows
 72970 | Vaults:5 | Got a glittering pewter amulet
 72971 | Vaults:5 | Identified the amulet of Compulsion {Faith rElec rPois Str+2 Int+4} (You took it off a hell knight on level 5 of the Vaults)
 73014 | Vaults:5 | Got a silver rune of Zot
 73227 | Vaults:5 | Got a shimmering broad axe
 73236 | Vaults:5 | Identified the +7 broad axe "Atuirchi" {venom, +Fly rElec rF++ Stlth-} (You found it on level 5 of the Vaults)
 73383 | Vaults:5 | Got an ancient lapis lazuli ring
 73743 | Vaults:5 | Identified the ring of Zuulus {rPois rF+ MR+ Dex+5} (You found it on level 5 of the Vaults)
 73746 | Vaults:5 | Got a transparent hand crossbow
 73747 | Vaults:5 | Identified the +10 hand crossbow "Wopsene" {penet, rPois} (You found it on level 5 of the Vaults)
 74616 | Hell     | Killed Murray
 74618 | Hell     | Your ally Wardok died
 74629 | Hell     | Your ally Berold died
 74635 | Depths:2 | Your ally Borgoth died
 75033 | Hell     | Killed Geryon
 75160 | Hell     | Found a gateway to the freezing wastes of Cocytus.
 75190 | Hell     | Found a gateway to the decaying netherworld of Tartarus.
 75277 | Hell     | Found a gateway to the ashen valley of Gehenna.
 75562 | Hell     | Found a gateway to the Iron City of Dis.
 75926 | Slime:1  | Entered Level 1 of the Pits of Slime
 76196 | Slime:1  | Gained mutation: You are partially covered in molten scales. (AC +2) [a shining eye]
 76611 | Slime:1  | Found a viscous altar of Jiyva.
 77614 | Slime:5  | Entered Level 5 of the Pits of Slime
 77662 | Slime:5  | Noticed the Royal Jelly
 77676 | Slime:5  | Killed the Royal Jelly
 77676 | Slime:5  | Reached skill level 18 in Crossbows
 78196 | Slime:5  | Gained Beowulf as an ally
 78295 | Slime:5  | Got a slimy rune of Zot
 78309 | Slime:5  | Got a smoking glass ring
 78320 | Slime:5  | Identified the ring "Hybe" {+Blink rF- rN+ Dex+8} (You found it on level 5 of the Pits of Slime)
 78373 | Slime:5  | Got an ichor-stained hand crossbow
 78374 | Slime:5  | Identified the +7 hand crossbow of Zin's Reproof {freeze, +Blink +Fly Dex-5} (You found it on level 5 of the Pits of Slime)
 78381 | Slime:5  | Your ally Beowulf died
 79446 | Depths:5 | Reached XP level 27. HP: 279/279 MP: 37/37
 79524 | Zot:1    | Entered Level 1 of the Realm of Zot
 81375 | Zot:2    | Reached skill level 19 in Crossbows
 82435 | Zot:3    | Noticed an orb of fire
 82463 | Zot:3    | Killed an orb of fire
 83127 | Zot:4    | Got a pair of faintly humming gloves
 83128 | Zot:4    | Identified the +0 pair of gloves "Raalynur" {rElec rCorr Str-2} (You found it on level 4 of the Realm of Zot)
 83895 | Zot:4    | Reached skill level 20 in Crossbows
 84502 | Depths:5 | Voluntarily entered the Abyss.
 84639 | Abyss:2  | Found a corrupted altar of Lugonu.
 84757 | Abyss:3  | Found a corrupted altar of Lugonu.
 84801 | Abyss:4  | Gained mutation: You tend to lose your temper in combat. [a neqoxec]
 84874 | Abyss:4  | Found a corrupted altar of Lugonu.
 84932 | Abyss:4  | Got an abyssal rune of Zot
 84932 | Abyss:4  | Paralysed by accursed screaming for 1 turns
 84995 | Depths:5 | Escaped the Abyss
 85135 | Depths:5 | Reached skill level 15 in Dodging
 85442 | D:11     | Bought 2 potions of mutation for 464 gold pieces
 85442 | D:11     | Bought a potion of haste for 290 gold pieces
 85442 | D:11     | Lost mutation: You tend to lose your temper in combat. [potion of mutation]
 85442 | D:11     | Lost mutation: You are robust. (+10% HP) [potion of mutation]
 85442 | D:11     | Lost mutation: You are somewhat resistant to further mutation. [potion of mutation]
 85442 | D:11     | Gained mutation: You are clumsy. (Dex -2) [potion of mutation]
 85442 | D:11     | Gained mutation: You are occasionally teleported next to monsters. [potion of mutation]
 85442 | D:11     | Gained mutation: Your flesh is cold resistant. (rC+) [potion of mutation]
 85443 | D:11     | Lost mutation: You are clumsy. (Dex -2) [potion of mutation]
 85443 | D:11     | Lost mutation: You are partially covered in molten scales. (AC +2) [potion of mutation]
 85443 | D:11     | Gained mutation: Armour fits poorly on your strangely shaped body. [potion of mutation]
 85443 | D:11     | Gained mutation: You possess an exceptional clarity of mind. [potion of mutation]
 85624 | Crypt:2  | Lost mutation: You possess an exceptional clarity of mind. [potion of mutation]
 85624 | Crypt:2  | Lost mutation: You are occasionally teleported next to monsters. [potion of mutation]
 85624 | Crypt:2  | Gained mutation: Your flesh is very cold resistant. (rC++) [potion of mutation]
 85624 | Crypt:2  | Gained mutation: You are weak. (Str -2) [potion of mutation]
 85624 | Crypt:2  | Gained mutation: You are somewhat resistant to further mutation. [potion of mutation]
 85625 | Crypt:2  | Lost mutation: You are weak. (Str -2) [potion of mutation]
 85625 | Crypt:2  | Gained mutation: Your mind is acute. (Int +2) [potion of mutation]
 85935 | Pan      | Entered Pandemonium
 86054 | Pan      | Noticed Isaehavo the pandemonium lord
 86064 | Pan      | Your ally Bogwik died
 86068 | Pan      | Found an exit through the horrors of the Abyss.
 86092 | Pan      | Killed Isaehavo the pandemonium lord
 86111 | Pan      | Your ally Borgoth died
 86652 | Pan      | Found a runed door.
 86673 | Pan      | Got a demonic rune of Zot
 87119 | Depths:3 | Escaped Pandemonium
 89160 | Coc:1    | Entered Level 1 of Cocytus
 89372 | Coc:1    | Reached skill level 21 in Crossbows
 91763 | Coc:2    | Reached skill level 15 in Evocations
 91953 | Coc:2    | Gained Arbeogh as an ally
 92640 | Depths:5 | Reached skill level 22 in Crossbows
 93819 | Coc:3    | Your ally Arbeogh died
 93874 | Coc:3    | Gained Marbaugh as an ally
 93945 | Coc:3    | Your ally Marbaugh died
 94319 | Coc:4    | Gained Bogdan as an ally
 94543 | Coc:5    | Gained Bogrim as an ally
 94571 | Coc:6    | Gained Warrok as an ally
 94585 | Coc:6    | Your ally Warrok died
 95595 | Coc:4    | Your ally Bogrim died
 96089 | Coc:2    | Gained mutation: Potions are less effective at restoring your health. [mutagenic glow]
 96209 | Coc:6    | Reached skill level 23 in Crossbows
 96271 | Coc:7    | Entered Level 7 of Cocytus
 96286 | Coc:7    | Your ally Bogdan died
 96981 | Coc:4    | Lost mutation: Your flesh is very cold resistant. (rC++) [potion of mutation]
 96981 | Coc:4    | Lost mutation: You are somewhat resistant to further mutation. [potion of mutation]
 96981 | Coc:4    | Gained mutation: Your system is resistant to poisons. (rPois) [potion of mutation]
 96982 | Coc:4    | Lost mutation: Your flesh is cold resistant. (rC+) [potion of mutation]
 96982 | Coc:4    | Lost mutation: Armour fits poorly on your strangely shaped body. [potion of mutation]
 96982 | Coc:4    | Lost mutation: Potions are less effective at restoring your health. [potion of mutation]
 96982 | Coc:4    | Lost mutation: Your mind is acute. (Int +2) [potion of mutation]
 96982 | Coc:4    | Gained mutation: You do not regenerate when monsters are visible. [potion of mutation]
 96982 | Coc:4    | Gained mutation: You are resistant to electric shocks. (rElec) [potion of mutation]
 96983 | Coc:4    | Lost mutation: Your system is resistant to poisons. (rPois) [potion of mutation]
 96983 | Coc:4    | Lost mutation: You do not regenerate when monsters are visible. [potion of mutation]
 96983 | Coc:4    | Lost mutation: You are resistant to electric shocks. (rElec) [potion of mutation]
 96983 | Coc:4    | Gained mutation: Your magical capacity is low. (-10% MP) [potion of mutation]
 96983 | Coc:4    | Gained mutation: You can translocate small distances at will. [potion of mutation]
 99323 | Coc:7    | Got a transparent glaive
 99460 | Coc:7    | Reached skill level 24 in Crossbows
 99528 | Coc:7    | Your ally Arkwar died
 99530 | Coc:7    | Noticed Antaeus
100873 | Coc:7    | Killed Antaeus
100890 | Coc:7    | Got an icy rune of Zot
101538 | Temple   | Entered the Ecumenical Temple
101648 | D:6      | Fell from the grace of Beogh
101648 | D:6      | Became a worshipper of Zin the Law-Giver
101648 | D:6      | Reached * piety under Zin
101648 | D:6      | Reached ** piety under Zin
101649 | D:6      | Donated 2956 gold pieces to Zin
101673 | D:7      | Reached *** piety under Zin
101765 | D:12     | Reached **** piety under Zin
101984 | Hell     | Reached ***** piety under Zin
102001 | Geh:1    | Entered Level 1 of Gehenna
102699 | Geh:1    | Reached skill level 25 in Crossbows
102704 | Geh:1    | Reached ****** piety under Zin
104233 | Geh:4    | Cast into level 2 of the Abyss (hell knight)
104261 | Geh:4    | Escaped the Abyss
104454 | Geh:5    | Reached skill level 26 in Crossbows
105431 | Geh:7    | Entered Level 7 of Gehenna
107171 | Geh:7    | Noticed Asmodeus
107211 | Geh:7    | HP: 9/253 [Brimstone Fiend/damnation[the effects of Hell] (27)]
107212 | Geh:7    | Killed from afar by a Brimstone Fiend

Vault maps used:
D:1:      saegor_arrival_simple_e
D:2:      roderic_bipointed_swastika
D:3:      st_stairs_10
D:4:      kennysheep_mini_moat
D:5:      first_bread, uniq_ijyb, uniq_duvessa
D:6:      kennysheep_little_box, lemuel_doored_altar, temple_green, basic_altar,
          small_statue_intersection
D:7:      kennysheep_mini, grunt_ogre_cave, okawaru_gym_becter
D:8:      marbit_many_paths
D:9:      old_standard_altar, dpeg_oklobed_lair, eino_tiny_chamber, uniq_pikel,
          uniq_grum
D:11:     enter_bailey_7, serial_shops, nicolae_shop_crystal
D:12:     orc_0_dummy
D:13:     lemuel_ogre_cave, erik_vaults_1, uniq_kirke, uniq_nessos
D:14:     nicolae_gozag_seed_capital
D:15:     gammafunk_enter_depths_forms, minmay_misc_feat_iff,
          nicolae_elemental_shop
Temple:   lightli_temple_of_artemis
Lair:2:   lab_entry_generic, disabler_island, uniq_sonja
Lair:3:   minmay_snake_entry_six_corridors, ice2_lemuel
Lair:4:   minmay_shoals_entry_centaurs, grunt_megastairs_2,
          infiniplex_staircase_pool_2
Lair:5:   minmay_slime_entry_jelly_boxes, columned_hall_lemuel,
          lemuel_fruit_tree
Lair:6:   evilmike_catoblepas_cave, minmay_lair_oklob_chamber,
          grunt_megastairs_3
Shoals:1: nicolae_shoals_dead_sea_scrolls
Shoals:3: serial_shops, shop, nicolae_shoals_circle_sea_wall
Shoals:4: shoals_end_grunt_garden, shoal_ilsuiw
Snake:1:  uniq_asterion
Snake:3:  spider_trap, serial_bayou_lake_a, uniq_jorgrun
Snake:4:  snake_pit, nicolae_snake_round_shape_thing
Slime:1:  basic_altar
Slime:4:  basic_altar
Orc:2:    st_orc_town, mines1_david
Elf:1:    eino_elf_arrival_shootout, serial_shops, shop, orc_legates,
          nicolae_elf_v_pinch, st_stairs_9
Elf:2:    serial_shops, shop
Elf:3:    grunt_elf_hall_diamonds, serial_shops, nicolae_shop_behind_doors,
          hex_large, grunt_ministairs_14
Vaults:1: hangedman_vaults_pinch, v_misc_22, v_alt_pattern_4,
          ontoclasm_vaults_ring_square, vaults_room_fancy_cross,
          st_smaller_cells, ontoclasm_vaults_ring_small, vaults_room_hallway,
          vaults_room_semicircle, ontoclasm_vaults_spin,
          ontoclasm_vaults_bender, v_pattern_2, vaults_dpeg_diagonal,
          serial_shops, shop
Vaults:2: minmay_crypt_entry_simple_plaza, ontoclasm_vaults_pinch,
          nicolae_vaults_mini_display_case, hangedman_vaults_hard_town_square,
          nicolae_vaults_yaktaur_gun_rack, uniq_jory
Vaults:3: ontoclasm_vaults_fault, vaults_room_pool,
          nicolae_vaults_windows_and_doors_thing, v_misc_30,
          ontoclasm_vaults_chip, nicolae_vaults_shelves_hall, st_star,
          hangedman_vaults_corner, ontoclasm_vaults_gateway, v_misc_8,
          vaults_dpeg_hooks, vaults_room_boxed, nicolae_vaults_alarming,
          vaults_dpeg_encased_lava
Vaults:4: grunt_vaults_focal, hangedman_vaults_variations, serial_ice_g,
          hangedman_vaults_impose, nicolae_vaults_network_periphery,
          vaults_room_corners, nicolae_vaults_little_ls,
          portal_desolation_entry_nicolae_slug, uniq_boris, uniq_margery,
          uniq_xtahua
Vaults:5: serial_shops
Crypt:1:  special_room, minmay_strange_pillars, hex_intersection
Crypt:2:  uniq_donald
Crypt:3:  lightli_unholy_cathedral, tomb_entry_simple_bobbens,
          grunt_ministairs_1, minmay_misc_feat_cross, chequers_big_river,
          uniq_khufu
Depths:1: hellmouth_3, enter_trove_0, roderic_roman_lattice,
          minmay_shop_grid_forest, kennysheep_generic_room_11, firewood_loft
Depths:2: vault_1, serial_bayou_pond_d, hell_entry, tgw_lugonu_bribe
Depths:3: minmay_shrinking_squares, serial_shops, shop, pan_entry,
          hangedman_coc_ice_floe, small_statue_intersection, minmay_shoptagon,
          serial_bayou_shore_b
Depths:4: pf_snail_temple, enter_ziggurat_e, hellmouth_1, abyss_entry_crystal,
          fountainhead, serial_shops, freezing_bzr, minivault_16
Depths:5: grunt_zot_entry_hairpin, hangedman_abyss_entry_splay,
          grunt_metal_band, moated_statue, uniq_mennas, uniq_sojobo
Geh:2:    lemuel_elevator
Geh:6:    door_vault
Geh:7:    evilmike_geh
Coc:4:    grunt_deathspiral_small
Coc:7:    coc_hangedman
Zot:3:    basic_stair_grate_trap
Zot:4:    lemuel_golem_globe
Abyss:2:  evilmike_abyss_exit_4
Abyss:4:  nicolae_abyss_rune_left_handed
Pan:      regret_index_pan_draining_boxed, evilmike_holy_pan
Lab:      labyrinth_hidden_loot, nicolae_lab_diamond, labyrinth_skeletal_remains
Bazaar:   grunt_bazaar_doublecross
Bailey:   bailey_axe_minmay_hex_keep, bailey

Skill      XL: |  1  2  3  4  5  6  7  8  9 10 11 12 13 14 15 16 17 18 19 20 21 22 23 24 25 26 27 |
---------------+----------------------------------------------------------------------------------+-----
Axes           | 3 4 5 6 7 9 10 11 12 16 17 19 20 | 20.8
Fighting       | 4 5 6 7 8 9 10 11 12 13 14 15 16 17 18 19 20 21 22 | 22.0
Evocations     | 3 5 7 8 10 11 15 | 15.0
Armour         | 4 5 6 7 9 10 11 12 13 14 15 16 17 18 19 20 21 | 21.0
Shields        | 4 5 6 7 8 10 11 13 14 15 | 15.4
Invocations    | 4 6 9 10 11 12 13 14 15 16 17 18 19 20 | 20.4
Dodging        | 3 4 5 6 8 9 10 11 12 13 19 | 19.0
Crossbows      | 3 7 9 11 13 14 15 16 18 26 | 26.6

Action                   |  1- 3 |  4- 6 |  7- 9 | 10-12 | 13-15 | 16-18 | 19-21 | 22-24 | 25-27 || total
-------------------------+-------+-------+-------+-------+-------+-------+-------+-------+-------++-------
Melee: War axe           |   133 |   248 |   380 |   544 |       |       |       |       |       ||  1305
       Broad axe         |       |       |       |    81 |   897 |  1109 |  1233 |  1090 |  4502 ||  8912
 Fire: Hand crossbow     |       |       |       |       |       |    14 |     4 |     5 |   205 ||   228
Invok: Convert to Beogh  |       |       |     1 |       |       |       |       |       |       ||     1
       Smiting           |       |       |       |     3 |       |     7 |    18 |    21 |    53 ||   102
       Recall Orcish Fol |       |       |       |       |    14 |    14 |    11 |    25 |    35 ||    99
       Resurrection      |       |       |       |       |     2 |       |     3 |     1 |     1 ||     7
       Give Item to Name |       |       |       |       |       |     1 |     4 |     1 |     1 ||     7
       Donate Gold       |       |       |       |       |       |       |       |       |     1 ||     1
Evoke: Wand              |       |       |       |     7 |     1 |    12 |     6 |     6 |     5 ||    37
       Box of beasts     |       |       |       |       |       |     2 |     1 |     1 |     4 ||     8
       Lamp of fire      |       |       |       |       |       |     1 |     3 |     2 |     1 ||     7
       Sack of spiders   |       |       |       |       |       |     1 |     2 |       |     4 ||     7
       Phial of floods   |       |       |       |       |       |     1 |     1 |       |     4 ||     6
       Lightning rod     |       |       |       |       |       |       |       |       |     8 ||     8
       Horn of Geryon    |       |       |       |       |       |       |       |       |     3 ||     3
       Phantom mirror    |       |       |       |       |       |       |       |       |     2 ||     2
       Fan of gales      |       |       |       |       |       |       |       |       |     1 ||     1
  Use: Scroll            |       |       |    16 |     9 |     5 |    13 |    14 |    17 |    36 ||   110
       Potion            |       |       |     7 |     6 |       |     2 |     3 |       |    19 ||    37
 Stab: Invisible         |       |       |       |     7 |       |       |       |       |       ||     7
       Distracted        |       |       |       |     2 |     4 |    12 |    10 |    15 |    27 ||    70
       Confused          |       |       |       |       |     1 |       |       |       |       ||     1
  Eat: Chunk             |     1 |     7 |     8 |    18 |    24 |    26 |    37 |    27 |    22 ||   170
       Bread ration      |       |       |     1 |     2 |     3 |     4 |     1 |     4 |    21 ||    36
       Meat ration       |       |       |       |       |       |     1 |       |       |       ||     1
       Royal jelly       |       |       |       |       |       |       |       |       |     1 ||     1
Armor: Chain mail        |   108 |   167 |    65 |       |       |     9 |       |       |       ||   349
       Scale mail        |     3 |       |    59 |   254 |   213 |    89 |       |       |       ||   618
       Plate armour      |       |       |   107 |       |       |   229 |   495 |   247 |       ||  1078
       Skin              |       |       |     3 |       |       |       |       |       |       ||     3
       Storm dragon scal |       |       |       |       |       |       |       |   290 |   142 ||   432
       Gold dragon scale |       |       |       |       |       |       |       |       |  2516 ||  2516
Dodge: Dodged            |    67 |   119 |   125 |   242 |   192 |   232 |   343 |   496 |  2349 ||  4165
Block: Shield            |       |       |       |    63 |   400 |   661 |       |       |       ||  1124
       Buckler           |       |       |       |       |       |    23 |   499 |   554 |  2286 ||  3362
       Reflection        |       |       |       |       |       |     4 |    86 |    63 |   119 ||   272
